 Dungeon Crawl Stone Soup version 0.31-a0-854-g362426d53f (webtiles) character file.

Game seed: 17107104378766283118

58 croobank the Covert (level 4, -1/41 HPs)
             Began as a Gnoll Delver on Oct 8, 2023.
             Slain by a gnoll
             ... wielding a +0 spear
             ... led by a gnoll sergeant
              (8 damage)
             ... on level 6 of the Dungeon.
             The game lasted 00:02:04 (123 turns).

croobank the Covert (Gnoll Delver)                   Turns: 123, Time: 00:02:04

Health: -1/41      AC:  3    Str: 12    XL:     4   Next: 2%
Magic:  4/5        EV: 13    Int: 11    God:
Gold:   10         SH:  0    Dex: 13    Spells: 5/5 levels left

rFire   . . .        b - +2 orcbow "Abrelado" {flame, Will++}
rCold   . . .        (shield currently unavailable)
rNeg    . . .        f - +0 leather armour
rPois   .            (no helmet)
rElec   .            (no cloak)
rCorr   .            (no gloves)
SInv    .            (no boots)
Will    +++..        (no amulet)
Stlth   ++++         (no ring)
HPRegen 0.26/turn    (no ring)
MPRegen 0.09/turn

%: no passive effects
@: enlightened, flying
A: fangs 1, strong nose, distributed training
a: no special abilities


You were on level 6 of the Dungeon.
You visited 1 branch of the dungeon, and saw 3 of its levels.

You collected 10 gold pieces.

Inventory:

Hand Weapons
 a - a +0 short sword
 b - the +2 orcbow "Abrelado" (weapon) {flame, Will++}
   (You found it on level 6 of the Dungeon)

   Will++:    It greatly increases your willpower.
Armour
 f - a +0 leather armour (worn)
Talismans
 j - a blade talisman
Wands
 g - a wand of digging (3)
Scrolls
 c - a scroll of fog
 d - a scroll of revelation
Potions
 i - a potion of ambrosia {unknown}


   Skills:
 + Level 6.5 Fighting
 + Level 4.6 Short Blades
 + Level 1.0 Long Blades
 + Level 1.0 Axes
 + Level 1.0 Maces & Flails
 + Level 1.0 Polearms
 + Level 1.0 Staves
 + Level 1.0 Ranged Weapons
 + Level 1.0 Throwing
 + Level 1.0 Armour
 + Level 4.6 Dodging
 + Level 9.6 Stealth
 + Level 1.0 Shields
 + Level 1.0 Unarmed Combat
 + Level 1.0 Spellcasting
 + Level 0.7 Conjurations
 + Level 0.7 Hexes
 + Level 0.7 Summonings
 + Level 0.7 Necromancy
 + Level 0.7 Translocations
 + Level 0.7 Transmutations
 + Level 0.7 Fire Magic
 + Level 0.7 Ice Magic
 + Level 0.7 Air Magic
 + Level 0.7 Earth Magic
 + Level 0.7 Poison Magic
 + Level 1.1 Invocations
 + Level 1.0 Evocations
 + Level 0.9 Shapeshifting


You had 5 spell levels left.
You didn't know any spells.
Your spell library contained the following spells:

 Spells                   Type           Power      Damage    Failure   Level
 Static Discharge         Conj/Air       4%         2-3/arc   41%         2
 Airstrike                Air            1%         2d(1-17)  96%         4
 Summon Lightning Spire   Summ/Air       2%         N/A       96%         4


Dungeon Overview and Level Annotations

Branches:
Dungeon (7/15)
 Temple: D:4-7

Altars:


Innate Abilities, Weirdness & Mutations

You have very sharp teeth.
Your uncanny sense of smell can sniff out nearby items.
Your experience applies equally to all skills.


Message History

Aim: a gnoll, wielding a +0 spear (60% to hit)
You shoot an arrow. The arrow barely misses the gnoll.
The gnoll closely misses you.
The gnoll hits you from afar with a +0 spear.
Fire: b) +2 orcbow "Abrelado" {flame, Will++}
Press: ? - help, Q - select action Shift-Dir - straight line, f/p - gnoll
Aim: a gnoll, wielding a +0 spear (60% to hit)
You shoot an arrow. The arrow hits the gnoll.
The arrow burns the gnoll.
The gnoll is heavily wounded.
The gnoll closely misses you.
Fire: b) +2 orcbow "Abrelado" {flame, Will++}
Press: ? - help, Q - select action Shift-Dir - straight line, f/p - gnoll
Aim: a gnoll, wielding a +0 spear (heavily wounded, 60% to hit)
You shoot an arrow. The arrow closely misses the gnoll.
The gnoll closely misses you.
The gnoll hits you from afar with a +0 spear.
Fire: b) +2 orcbow "Abrelado" {flame, Will++}
Press: ? - help, Q - select action Shift-Dir - straight line, f/p - gnoll
Aim: a gnoll, wielding a +0 spear (heavily wounded, 60% to hit)
You shoot an arrow. The arrow barely misses the gnoll.
The gnoll hits you from afar with a +0 spear!
Fire: b) +2 orcbow "Abrelado" {flame, Will++}
Press: ? - help, Q - select action Shift-Dir - straight line, f/p - gnoll
Aim: a gnoll, wielding a +0 spear (heavily wounded, 60% to hit)
You shoot an arrow. The arrow hits the gnoll.
The arrow burns the gnoll.
The gnoll is almost dead.
The gnoll barely misses you.
The gnoll hits you from afar with a +0 spear.
* * * LOW HITPOINT WARNING * * *
Fire: b) +2 orcbow "Abrelado" {flame, Will++}
Press: ? - help, Q - select action Shift-Dir - straight line, f/p - gnoll
Aim: a gnoll, wielding a +0 spear (severely wounded, 60% to hit)
You shoot an arrow. The arrow closely misses the gnoll.
The gnoll hits you from afar with a +0 spear.
* * * LOW HITPOINT WARNING * * *
It was a potion of enlightenment.
You feel very buoyant.
You fly up into the air.
The gnoll hits you from afar with a +0 spear!
You die...

#######......#
#..g...###.###
#......###.#
#.#........#
..###.#.#..#####
#.......#..#
#####g.....#
#.###.## #.@...#
#######


You could see a gnoll.

Vanquished Creatures
  A wight (D:7)
  An adder (D:6)
2 creatures vanquished.

Notes
Turn   | Place    | Note
-------+----------+-------------------------------------------
     0 | D:5      | Reached skill level 9 in Stealth
     0 | D:5      | croobank the Gnoll Delver began the quest for the Orb.
     0 | D:5      | Reached XP level 1. HP: 23/23 MP: 1/1
    46 | D:6      | Noticed a gnoll sergeant
    83 | D:7      | Noticed a wight
    83 | D:7      | Noticed a wight
    83 | D:7      | Noticed a wight
    83 | D:7      | Noticed a wight
    84 | D:7      | Killed a wight
    85 | D:7      | Reached skill level 1 in Long Blades
    85 | D:7      | Reached skill level 1 in Axes
    85 | D:7      | Reached skill level 1 in Maces & Flails
    85 | D:7      | Reached skill level 1 in Polearms
    85 | D:7      | Reached skill level 1 in Staves
    85 | D:7      | Reached skill level 1 in Ranged Weapons
    85 | D:7      | Reached skill level 1 in Throwing
    85 | D:7      | Reached skill level 1 in Armour
    85 | D:7      | Reached skill level 1 in Shields
    85 | D:7      | Reached skill level 1 in Unarmed Combat
    85 | D:7      | Reached skill level 1 in Spellcasting
    85 | D:7      | Reached skill level 1 in Invocations
    85 | D:7      | Reached skill level 1 in Evocations
    85 | D:7      | Reached XP level 2. HP: 29/29 MP: 1/3
    85 | D:7      | Reached XP level 3. HP: 35/35 MP: 1/4
    96 | D:6      | Identified the +2 orcbow "Abrelado" {flame, Will++}
   116 | D:6      | Reached XP level 4. HP: 30/41 MP: 3/5
   123 | D:6      | Slain by a gnoll

Illustrated notes

Levels and vault maps discovered:
D:5:      layout_loops_corners, chequers_temple_overflow_minitemple,
          uniq_grinder, uniq_ijyb, uniq_pikel
D:6:      layout_loops_cross, dreamdust_gnoll_farm, uniq_duvessa
D:7:      layout_rooms, temple_green, serial_bayou_pond_d

Skill      XL: |  1 |
---------------+----+-----
Stealth        | |  9.6
Long Blades    | 1 |  1.0
Axes           | 1 |  1.0
Maces & Flails | 1 |  1.0
Polearms       | 1 |  1.0
Staves         | 1 |  1.0
Ranged Weapons | 1 |  1.0
Throwing       | 1 |  1.0
Armour         | 1 |  1.0
Shields        | 1 |  1.0
Unarmed Combat | 1 |  1.0
Spellcasting   | 1 |  1.0
Invocations    | 1 |  1.1
Evocations     | 1 |  1.0
Fighting       | |  6.5
Short Blades   | |  4.6
Dodging        | |  4.6
Conjurations   | |  0.7
Hexes          | |  0.7
Summonings     | |  0.7
Necromancy     | |  0.7
Translocations | |  0.7
Transmutations | |  0.7
Fire Magic     | |  0.7
Ice Magic      | |  0.7
Air Magic      | |  0.7
Earth Magic    | |  0.7
Poison Magic   | |  0.7
Shapeshifting  | |  0.9

Action                     |  1- 3 |  4- 6 || total
---------------------------+-------+-------++-------
  Melee: Short sword       |     1 |       ||     1
   Fire: Orcbow            |     6 |     7 ||    13
    Use: Potion            |     1 |     1 ||     2
         Scroll            |     1 |       ||     1
   Stab: Sleeping          |     1 |       ||     1
 Armour: Leather armour    |     4 |     6 ||    10
  Dodge: Dodged            |    10 |     5 ||    15

Table legend: (Time is in decaauts)
 A = Elapsed time spent in this place.
 B = Non-inter-level travel time spent in this place.
 C = Inter-level travel time spent in this place.
 D = Time resting spent in this place.
 E = Time spent auto-exploring this place.
 F = Levels seen in this place.
 G = Mean time per level.
                   A        B        C        D        E       F      G
               +--------+--------+--------+--------+--------+-----+--------+
         Total |    115 |    115 |      0 |      0 |     31 |   3 |   38.3 |
       Dungeon |    115 |    115 |      0 |      0 |     31 |   3 |   38.3 |
               +--------+--------+--------+--------+--------+-----+--------+

Top non-repeatable levels by time:
     D:6: 112 daAuts
     D:7: 1 daAuts
     D:5: 1 daAuts
